 Dungeon Crawl Stone Soup version 0.31-a0-851-g7ff8af7976 (webtiles) character file.

Game seed: 8640185680383253409

6 javelincjr the Magician (level 1, 0/11 HPs)
             Began as an Octopode Hedge Wizard on Oct 6, 2023.
             Slain by a jackal (3 damage)
             ... on level 1 of the Dungeon.
             The game lasted 00:00:28 (241 turns).

javelincjr the Magician (Octopode Hedge Wizard)      Turns: 241, Time: 00:00:28

Health: 0/11       AC:  1    Str:  9    XL:     1   Next: 90%
Magic:  0/4        EV: 13    Int: 16    God:
Gold:   0          SH:  0    Dex: 11    Spells: 5/6 levels left

rFire   . . .        a - +0 dagger
rCold   . . .        (no shield)
rNeg    . . .        b - +0 hat
rPois   .            (no amulet)
rElec   .            (no ring)
rCorr   .            (no ring)
SInv    .            (no ring)
Will    .....        (no ring)
Stlth   +++          (no ring)
HPRegen 0.21/turn    (no ring)
MPRegen 0.09/turn    (no ring)
                     (no ring)

%: no passive effects
@: no status effects
A: almost no armour, amphibious, 8 rings, camouflage 1, gelatinous body 1,
(nimble swimmer 1), tentacles
a: no special abilities


You were on level 1 of the Dungeon.
You visited 1 branch of the dungeon, and saw 1 of its levels.

Inventory:

Hand Weapons
 a - a +0 dagger (weapon)
Missiles
 d - 9 stones
Armour
 b - a +0 hat (worn)
Potions
 c - a potion of magic


   Skills:
 + Level 2.0 Dodging
 + Level 2.9 Stealth
 + Level 3.0 Spellcasting
 + Level 1.1 Conjurations
 + Level 1.1 Summonings
 + Level 1.1 Translocations


You had 5 spell levels left.
You knew the following spells:

 Your Spells              Type           Power      Damage    Failure   Level
a - Magic Dart            Conj           24%        1d4       12%         1

Your spell library contained the following spells:

 Spells                   Type           Power      Damage    Failure   Level
 Call Imp                 Summ           12%        N/A       17%         2
 Slow                     Hex            8%         N/A       19%         1
 Blink                    Tloc           12%        N/A       19%         2
 Cigotuvi's Dreadful Rot  Necr/Pois/Air  4%         N/A       28%         2
 Mephitic Cloud           Conj/Pois/Air  3%         N/A       43%         3


Dungeon Overview and Level Annotations

Branches:
Dungeon (1/15)

Altars:


Innate Abilities, Weirdness & Mutations

You cannot wear most types of armour.
You are amphibious.
You can wear up to eight rings at the same time.
Your skin changes colour to match your surroundings (Stealth+).
Your rubbery body absorbs attacks. (AC +1, EV +1)
((You are camouflaged when in or above water. (Stealth+)))
You have tentacles for arms and can constrict up to eight enemies at once.


Message History

The jackal barely misses you.
A jackal comes into view.
You closely miss the jackal. Your grab misses the jackal.
You squeeze the jackal.
The jackal is almost dead.
The jackal barely misses you. The jackal bites you.
You hit the jackal but do no damage. Your grab misses the jackal.
The jackal is severely wounded.
You hit the jackal. You grab the jackal.
The jackal is severely wounded.
You constrict the jackal. The jackal misses you.
You hit the jackal but do no damage. You squeeze the jackal.
You kill the jackal!
The jackal bites you.
You barely miss the jackal. Your grab misses the jackal.
The jackal is moderately wounded.
The jackal closely misses you.
You closely miss the jackal. You grab the jackal.
The jackal is moderately wounded.
You constrict the jackal. The jackal bites you.
You hit the jackal but do no damage.
The jackal is heavily wounded.
You constrict the jackal. The jackal bites you. The jackal misses you.
You hit the jackal but do no damage.
The jackal is severely wounded.
You constrict the jackal.
You kill the jackal!
Casting: Magic Dart (safe; 12% risk of failure)
Confirm with . or Enter, or press ? or * to list all spells.
Aiming: Magic Dart (safe; 12% risk of failure)
Press: ? - help, Shift-Dir - straight line, f/p - jackal
Aim: a jackal (severely wounded, 100% to hit)
The magic dart hits the jackal.
The jackal is severely wounded.
The jackal barely misses you. The jackal bites you.
* * * LOW HITPOINT WARNING * * *
You barely miss the jackal. Your grab misses the jackal.
The jackal is severely wounded.
The jackal bites you.
You die...

#.. ## #..# .. #..##.# .#
###..##.. .. ......### .#
#...### #. .# #......
#..#######.##.#####.#....
........@hh##..........##
#.......###########.####
..#####.###########.#
#.............#
###############


You could see 2 jackals.

Vanquished Creatures
  A bat (D:1)
  2 jackals (D:1)
  A kobold (D:1)
  A frilled lizard (D:1)
5 creatures vanquished.

Notes
Turn   | Place    | Note
-------+----------+-------------------------------------------
     0 | D:1      | javelincjr the Octopode Hedge Wizard began the quest for
                  | the Orb.
     0 | D:1      | Reached XP level 1. HP: 11/11 MP: 4/4
   241 | D:1      | Slain by a jackal

Illustrated notes

Levels and vault maps discovered:
D:1:      dpeg_arrival_rooms_b, layout_loops_ring, minivault_25

Action                     || total
---------------------------++-------
  Melee: Dagger            ||    10
         Constrict         ||     2
         Tentacles         ||     2
   Cast: Magic Dart        ||    12
 Armour: Skin              ||     8
  Dodge: Dodged            ||     8

Table legend: (Time is in decaauts)
 A = Elapsed time spent in this place.
 B = Non-inter-level travel time spent in this place.
 C = Inter-level travel time spent in this place.
 D = Time resting spent in this place.
 E = Time spent auto-exploring this place.
 F = Levels seen in this place.
 G = Mean time per level.
                   A        B        C        D        E       F      G
               +--------+--------+--------+--------+--------+-----+--------+
         Total |    241 |    241 |      0 |      0 |    204 |   1 |  241.0 |
       Dungeon |    241 |    241 |      0 |      0 |    204 |   1 |  241.0 |
               +--------+--------+--------+--------+--------+-----+--------+

Top non-repeatable levels by time:
     D:1: 241 daAuts
